 Dungeon Crawl Stone Soup version 0.28-a0-1594-ga885d4b3d6 (webtiles) character file.

Game seed: 4153809266773579938

3710 fragbeetle the Carver (level 9, -2/67 HPs)
             Began as a Palentonga Abyssal Knight on Jan 20, 2022.
             Was an Elder of Lugonu.
             Slain by a warg (9 damage)
             ... on level 8 of the Dungeon.
             The game lasted 00:22:31 (8823 turns).

fragbeetle the Carver (Palentonga Abyssal Knight)   Turns: 8823, Time: 00:22:31

Health: -2/67      AC: 19    Str: 19    XL:     9   Next: 91%
Magic:  24/24      EV:  8    Int: 13    God:    Lugonu [****..]
Gold:   353        SH:  6    Dex: 14    Spells: 5/8 levels left

rFire   . . .      SeeInvis +   a - +1 falchion
rCold   . . .      Faith    .   I - +1 buckler {AC+3}
rNeg    . . .      Spirit   .   x - +3 ring mail of Zapisch {Will- Regen+ Dex+4}
rPois   .          Reflect  .   w - +0 helmet
rElec   .          Harm     .   (no cloak)
rCorr   .          Rampage  .   (no gloves)
Will    .....                   (no barding)
Stlth   +.........              O - amulet of the acrobat
HPRegen 1.01/turn               g - ring of magical power
MPRegen 0.19/turn               (no ring)

@: curled up
A: large, rugged brown scales 3, see invisible, deformed body, roll 1, armoured
tail, reflexive curl
a: Rolling Charge, Renounce Religion, Depart the Abyss, Bend Space, Banish,
Corrupt


You were on level 8 of the Dungeon.
You worshipped Lugonu.
Lugonu was greatly pleased with you.
You visited 2 branches of the dungeon, and saw 10 of its levels.
You visited the Abyss 1 time.

You collected 353 gold pieces.

Inventory:

Hand Weapons
 a - a +1 falchion (weapon)
 b - a +0 hunting sling of freezing
 H - a +0 short sword of protection
Missiles
 e - 259 stones
 f - 54 bolts
 k - 4 poisoned darts
 q - 4 boomerangs of dispersal
 v - 15 sling bullets
Armour
 d - a +1 robe of willpower
 w - a +0 helmet (worn)
 x - the +3 ring mail of Zapisch (worn) {Will- Regen+ Dex+4}
   (You found it on level 4 of the Dungeon)

   Dex:       It affects your dexterity (+4).
   Regen:     It increases your rate of health regeneration.
   Will:      It decreases your willpower.
 I - a +1 buckler of protection (worn)
Jewellery
 g - a ring of magical power (left hand)
 p - a +6 ring of strength
 O - an amulet of the acrobat (around neck)
Wands
 u - a wand of iceblast (27)
 J - a wand of paralysis (5)
 M - a wand of flame (22)
Scrolls
 c - 7 scrolls of identify {unknown}
 i - 4 scrolls of silence {unknown}
 j - a scroll of enchant armour {unknown}
 m - a scroll of holy word {unknown}
 n - a scroll of amnesia {unknown}
 o - 4 scrolls of teleportation {unknown}
 r - 4 scrolls of enchant weapon {unknown}
 s - 2 scrolls of vulnerability {unknown}
 t - a scroll of fog {unknown}
 y - a scroll of fear {unknown}
 z - a scroll of blinking {unknown}
 A - a scroll of immolation {unknown}
 F - a scroll of noise {unknown}
 P - a scroll of torment {unknown}
Potions
 h - 2 potions of heal wounds
 l - a potion of magic {unknown}
 B - a potion of berserk rage {unknown}
 C - 2 potions of brilliance {unknown}
 D - 2 potions of might {unknown}
 E - a potion of attraction {unknown}
 G - 2 potions of haste {unknown}
 K - a potion of flight {unknown}
 L - 2 potions of cancellation {unknown}
 N - 3 potions of curing {unknown}


   Skills:
 - Level 3.0 Fighting
 * Level 10.9 Long Blades
 - Level 1.5 Armour
 - Level 0.7 Dodging
 + Level 3.6 Shields
 + Level 2.8 Hexes
 + Level 8.5 Invocations


You had 5 spell levels left.
You knew the following spells:

 Your Spells              Type           Power      Damage    Failure   Level
a - Inner Flame           Hex/Fire       3%         N/A       75%         3

Your spell library contained the following spells:

 Spells                   Type           Power      Damage    Failure   Level
 Foxfire                  Conj/Fire      0%         2x1d4     54%         1
 Conjure Flame            Conj/Fire      0%         6-21      89%         3
 Flame Wave               Conj/Fire      0%         2d4       100%        4


Dungeon Overview and Level Annotations

Branches:
Dungeon (9/15)             Temple (1/1) D:7
   Lair: D:8-11         Orc: D:9-12

Altars:
Ashenzari
Cheibriados
Dithmenos
Elyvilon
Fedhas
Gozag
Hepliaklqana
Makhleb
Nemelex Xobeh
Okawaru
Qazlal
Ru
Sif Muna
Trog
Uskayaw
Vehumet
Wu Jian
Yredelemnul
Zin
The Shining One

Annotations:
D:8 exclusion: oklob sapling
Abyss:1 Blork the orc, Joseph


Innate Abilities, Weirdness & Mutations

You are completely covered in rugged brown scales. (AC +3, +7% HP)
You have supernaturally acute eyesight. (SInv)
Armour fits poorly on your strangely shaped body.
You can roll at nearby foes to attack.
You have a long armoured tail.
You curl defensively after being hit. (AC +7*)


Message History

You closely miss the orc priest. You tail-slap the orc priest!
The orc priest is almost dead.
The orc priest looks encouraged for a moment.
The orc priest calls down the wrath of Beogh upon you.
Pain shoots through your body! The warg bites you.
You completely miss the orc priest.
The orc priest is almost dead.
The warg bites you.
The orc priest invokes the aid of Beogh against you.
Pain shoots through your body!
You barely miss the orc priest.
The orc priest is almost dead.
The warg barely misses you.
You slash the orc priest!
You kill the orc priest!
Lugonu accepts your kill.
The orc priest invokes the aid of Beogh against you.
Pain shoots through your body! The warg barely misses you.
The orc priest calls down the wrath of Beogh upon you.
Beogh smites you! The warg bites you!
* * * LOW HITPOINT WARNING * * *
You climb upwards.
Level annotation: exclusion: oklob sapling
There is a stone staircase leading down here.
A warg is nearby!
You completely miss the warg.
The warg is lightly wounded.
You block the warg's attack.
You hit the warg but do no damage.
Your tail-slap misses the warg.
The warg is lightly wounded.
The warg bites you.
* * * LOW HITPOINT WARNING * * *
You hit the warg. You tail-slap the warg.
The warg is moderately wounded.
The warg bites you.
* * * LOW HITPOINT WARNING * * *
You hit the warg but do no damage. You tail-slap the warg.
The warg is heavily wounded.
The warg bites you!
You die...

#......####...###.##...#
#..###.###.....##.#######
#..# #..................#
#..# #####.....##.#####.#
#..# ##.##...###.# #.# #..#
##.#.##.####.#####.###
#<.###.###.................
#.....## ##h.###.##.....#..
#.####.###@#..............#
#.#####.#.....##.##<#######
#.....................# #..
##########.#..#.#.###.###.#
#.#......# #.....#
#.#..###.###.#####
#............#
#....#####.### #......# #.#


You could see a warg.

Vanquished Creatures
  Grinder (D:6)
  Prince Ribbit (D:6)
  2 yaks (D:9)
  A warg (D:9)
  2 steam dragons (D:7)
  Menkaure (D:7)
  2 water moccasins
  A hornet zombie (D:8)
  A necrophage (D:5)
  2 centaurs (D:7)
  2 bullfrogs
  A water moccasin zombie (D:6)
  A wyvern skeleton (D:3)
  A water moccasin skeleton (D:5)
  9 wights
  4 howler monkeys
  A centaur zombie (D:6)
  2 hounds
  A centaur skeleton (D:6)
  2 orc priests (D:9)
  A gnoll shaman (D:6)
  Ijyb (D:5)
  3 iguanas
  3 orc wizards
  A hound zombie (D:5)
  15 gnolls
  10 adders
  2 howler monkey skeletons
  2 shadow imps (D:7)
  2 white imps
  2 worms (D:2)
  11 dart slugs
  9 orcs
  2 bats (D:1)
  5 endoplasms
  6 giant cockroaches
  7 hobgoblins
  9 jackals
  5 quokkas
  10 ball pythons
  4 frilled lizards
  6 goblins
  7 kobolds
  A quokka skeleton (D:4)
  4 rats
166 creatures vanquished.

Vanquished Creatures (others)
  A water moccasin skeleton (D:7)
  3 plants
4 creatures vanquished.

Grand Total: 170 creatures vanquished

Notes
Turn   | Place    | Note
-------+----------+-------------------------------------------
     0 | Abyss:1  | fragbeetle the Palentonga Abyssal Knight began the quest
                  | for the Orb.
     0 | Abyss:1  | Reached XP level 1. HP: 19/19 MP: 2/2
   116 | D:1      | Escaped the Abyss
   156 | D:1      | Found a faded altar of an unknown god.
   343 | D:1      | Reached XP level 2. HP: 19/25 MP: 3/3
   890 | D:1      | Reached ** piety under Lugonu
  1065 | D:1      | Reached skill level 3 in Long Blades
  1240 | D:1      | Reached XP level 3. HP: 30/31 MP: 4/4
  1992 | D:2      | Reached XP level 4. HP: 23/37 MP: 6/6
  2426 | D:2      | Reached skill level 4 in Long Blades
  3556 | D:3      | Reached XP level 5. HP: 43/43 MP: 7/7
  3603 | D:3      | Found a radiant altar of Vehumet.
  3722 | D:3      | Reached *** piety under Lugonu
  3723 | D:3      | Reached skill level 5 in Long Blades
  4426 | D:4      | Identified the +3 ring mail of Zapisch {Will- Regen+ Dex+4}
  4577 | D:4      | Reached XP level 6. HP: 35/50 MP: 9/9
  5014 | D:5      | Entered Level 5 of the Dungeon
  5229 | D:5      | Reached skill level 6 in Long Blades
  5296 | D:5      | Gained mutation: You curl defensively after being hit. (AC
                  | +7*) [Palentonga growth]
  5296 | D:5      | Reached XP level 7. HP: 53/55 MP: 10/10
  5300 | D:5      | Reached skill level 5 in Invocations
  5502 | D:5      | Noticed Ijyb
  5521 | D:5      | Killed Ijyb
  5737 | D:6      | Reached skill level 7 in Long Blades
  5905 | D:6      | Reached **** piety under Lugonu
  5972 | D:6      | Noticed Grinder
  5985 | D:6      | Paralysed by Grinder for 4 turns
  5995 | D:6      | Killed Grinder
  5996 | D:6      | Reached skill level 8 in Long Blades
  5996 | D:6      | Reached XP level 8. HP: 33/62 MP: 12/12
  6150 | D:6      | Noticed Blork the orc
  6170 | D:6      | Banished Blork the orc
  6224 | D:6      | Found an iron altar of Okawaru.
  6533 | D:6      | Noticed Prince Ribbit
  6552 | D:6      | Killed Prince Ribbit
  6553 | D:6      | Reached skill level 9 in Long Blades
  6553 | D:6      | Reached skill level 1 in Shields
  6845 | D:7      | Reached XP level 9. HP: 42/67 MP: 14/14
  7189 | D:7      | Reached skill level 10 in Long Blades
  7331 | D:7      | Learned a level 3 spell: Inner Flame
  7400 | D:7      | Found a staircase to the Ecumenical Temple.
  7404 | D:7      | Noticed Joseph
  7422 | D:7      | HP: 1/54 [shadow imp/nerve-wracking pain (8)]
  7427 | D:7      | Banished Joseph
  7428 | D:7      | Reached skill level 1 in Hexes
  7483 | Temple   | Entered the Ecumenical Temple
  7733 | D:7      | Found a basalt altar of Yredelemnul.
  7733 | D:7      | Found a shadowy altar of Dithmenos.
  7734 | D:7      | Noticed Menkaure
  7750 | D:7      | Killed Menkaure
  7791 | D:7      | Found a white marble altar of Elyvilon.
  7792 | D:7      | Found a blossoming altar of Fedhas.
  7792 | D:7      | Found a glowing silver altar of Zin.
  7792 | D:7      | Found a snail-covered altar of Cheibriados.
  7794 | D:7      | Found a shimmering blue altar of Sif Muna.
  7794 | D:7      | Found a sacrificial altar of Ru.
  7794 | D:7      | Found a hide-covered altar of Uskayaw.
  8823 | D:8      | Slain by a warg

Illustrated notes

Levels and vault maps discovered:
D:1:      dpeg_arrival_prison, layout_basic,
          ebering_ecumenical_altar_sacrificial,
          nicolae_concentric_dashed_squares_mild
D:2:      layout_loops_ring
D:3:      kennysheep_slugbush, layout_rooms, mainiacjoe_overflow_six_doors_small
D:4:      layout_gridville
D:5:      layout_cave_pools, serial_rivers, chequers_serial_rivers_micro_c,
          chequers_serial_rivers_small_3, chequers_serial_rivers_small_a,
          chequers_serial_rivers_micro_d, chequers_serial_rivers_micro_d,
          chequers_serial_rivers_room_a, uniq_ijyb
D:6:      layout_loops_cross, okawaru_ov_weapons_minmay, uniq_prince_ribbit1,
          uniq_blork_the_orc, uniq_grinder
D:7:      layout_rooms, nicolae_overflows_in_rows,
          minmay_temple_entry_mini_moons, uniq_joseph, uniq_menkaure
D:8:      layout_loops_ring, introduction_to_nature_2
D:9:      layout_big_octagon, mainiacjoe_overflow_catch_the_wave,
          erik_lair_orcish_takeover, david_orc_5,
          hangedman_abyss_or_decor_slice, serial_park_tiny_pond, minivault_11,
          uniq_psyche
Temple:   jpeg_temple_island

Skill      XL: |  1  2  3  4  5  6  7  8  9 |
---------------+----------------------------+-----
Long Blades    | 3 4 5 6 8 9 10 | 10.9
Invocations    | 3 4 6 7 8 |  8.5
Shields        | 2 3 |  3.6
Hexes          | 2 |  2.8
Fighting       | |  3.0
Armour         | |  1.5
Dodging        | |  0.7

Action                   |  1- 3 |  4- 6 |  7- 9 || total
-------------------------+-------+-------+-------++-------
Melee: Falchion          |    94 |   205 |   402 ||   701
       Tailslap          |    13 |    19 |    67 ||    99
       Punch             |     1 |       |     4 ||     5
 Fire: Hunting sling     |       |       |    12 ||    12
Throw: Dart              |     1 |    14 |     1 ||    16
Invok: Banish            |       |       |     2 ||     2
 Abil: Rolling Charge    |     1 |    17 |    38 ||    56
Evoke: Wand              |       |       |     7 ||     7
  Use: Potion            |       |       |     2 ||     2
 Stab: Paralysed         |       |       |     2 ||     2
Armor: Leather armour    |    12 |       |       ||    12
       Robe              |    24 |    43 |       ||    67
       Ring mail         |       |    30 |   128 ||   158
Dodge: Dodged            |    38 |    83 |   129 ||   250
Block: Buckler           |       |       |    57 ||    57

Table legend: (Time is in decaauts)
 A = Elapsed time spent in this place.
 B = Non-inter-level travel time spent in this place.
 C = Inter-level travel time spent in this place.
 D = Time resting spent in this place.
 E = Time spent auto-exploring this place.
 F = Levels seen in this place.
 G = Mean time per level.
                   A        B        C        D        E       F      G
               +--------+--------+--------+--------+--------+-----+--------+
         Total |   8863 |   8597 |    266 |   1821 |   4581 |  11 |  805.7 |
       Dungeon |   8502 |   8236 |    266 |   1821 |   4366 |   9 |  944.7 |
        Temple |    245 |    245 |      0 |      0 |    214 |   1 |  245.0 |
         Abyss |    116 |    116 |      0 |      0 |      0 |   1 |  116.0 |
               +--------+--------+--------+--------+--------+-----+--------+

Top non-repeatable levels by time:
     D:1: 1753 daAuts
     D:2: 1577 daAuts
     D:6: 1235 daAuts
     D:3: 840 daAuts
     D:8: 793 daAuts
     D:4: 757 daAuts
     D:5: 717 daAuts
     D:7: 695 daAuts
  Temple: 245 daAuts
     D:9: 131 daAuts
 Abyss:1: 116 daAuts
